[Event "Titled Tuesday Blitz January 03 Late 2023"]
[White "Bortnyk, Olexandr"]
[Black "Yuan, Qingyu"]
[WhiteFideId "14120828"]
[BlackFideId "8609772"]
[WhiteElo "2605"]
[BlackElo "2373"]
[Result "1-0"]
[Round "11"]
[TimeControl "180+2"]
[Date "2023.01.03"]
[WhiteClock "0:00:50"]
[BlackClock "0:00:02"]

1. e4 e5 2. Bc4 Nf6 3. d3 Nc6 4. Nc3 Na5 5. Nge2 Nxc4 6. dxc4 Bb4 7. O-O h6 8. f4 exf4 9. e5 Bc5+ 10. Nd4 Ng4 11. Bxf4 d6 12. exd6 O-O 13. Ne4 cxd6 14. Nxc5 dxc5 15. Nb5 Be6 16. Nc7 Rc8 17. Nxe6 Qxd1 18. Raxd1 fxe6 19. Rd7 e5 20. Bg3 Rxf1+ 21. Kxf1 Ne3+ 22. Ke2 Nxc4 23. b3 Nb6 24. Rxb7 c4 25. Rxa7 cxb3 26. cxb3 Rc2+ 27. Kf3 e4+ 28. Kxe4 Rxg2 29. Rb7 Re2+ 30. Kd4 Re6 31. a4 Kh7 32. a5 Nc8 33. b4 Ne7 34. b5 Nf5+ 35. Kd5 Rf6 36. a6 Ne3+ 37. Kd4 Nf5+ 38. Kc5 Nd6 39. Bxd6 Rf5+ 40. Kc6 1-0


[Site "https://www.chess.com"]

[Event "Titled Tuesday Blitz January 03 Late 2023"]
[White "Fernandez Guillen, Ernesto J."]
[Black "Tari, Aryan"]
[WhiteFideId "3512428"]
[BlackFideId "1510045"]
[WhiteElo "2477"]
[BlackElo "2642"]
[Result "1-0"]
[Round "11"]
[TimeControl "180+2"]
[Date "2023.01.03"]
[WhiteClock "0:00:06"]
[BlackClock "0:00:04"]

1. e4 Nf6 2. Nc3 Nc6 3. d4 d6 4. d5 Nb8 5. f4 e6 6. Nf3 exd5 7. exd5 g6 8. Be2 Bg7 9. O-O O-O 10. h3 Re8 11. Bd3 Nbd7 12. f5 Nc5 13. fxg6 hxg6 14. Bc4 Nh7 15. Bd2 a6 16. a4 Bf5 17. Ra3 Qd7 18. b4 Ne4 19. Nxe4 Bxe4 20. Bc3 Bxc3 21. Rxc3 Qxa4 22. Rb3 b5 23. Bd3 Bxd5 24. Bxg6 Bxb3 25. Bxh7+ Kf8 26. cxb3 Qxb4 27. Kh1 Qc5 28. Qd2 Re6 29. Ng5 Re7 30. Qf4 Qe5 31. Qh4 Qg7 32. Be4 Rb8 33. Nh7+ Ke8 34. Bc6+ Kd8 35. Ng5 f6 36. Ne4 Rb6 37. Ba8 c6 38. Rxf6 Kc7 39. Qf4 Rd7 40. Nxd6 Kb8 41. Ne8+ Ka7 42. Nxg7 Rxg7 43. Bxc6 Re7 44. Qd4 Rc7 45. Bd5 Rb7 46. Bxb7 Kxb7 47. Qxb6+ Kc8 48. Rc6+ Kd7 49. Qc7+ 1-0


[Site "https://www.chess.com"]

[Event "Titled Tuesday Blitz January 03 Late 2023"]
[White "Timmermans, Mark"]
[Black "Svane, Rasmus"]
[WhiteFideId "1026399"]
[BlackFideId "4657101"]
[WhiteElo "2392"]
[BlackElo "2623"]
[Result "0-1"]
[Round "11"]
[TimeControl "180+2"]
[Date "2023.01.03"]
[WhiteClock "0:00:03"]
[BlackClock "0:00:06"]

1. e4 c6 2. Nf3 d5 3. exd5 cxd5 4. Ne5 Nc6 5. Bb5 Bd7 6. Nxd7 Qxd7 7. d4 e6 8. Bf4 Bd6 9. Bxd6 Qxd6 10. O-O Nf6 11. c3 O-O 12. a4 a6 13. Bd3 Rab8 14. Na3 Rfe8 15. Nc2 e5 16. dxe5 Nxe5 17. Be2 Qb6 18. Nb4 Nc6 19. a5 Nxa5 20. Bf3 Nc6 21. Nxd5 Nxd5 22. Bxd5 Qxb2 23. c4 Qf6 24. Qa4 Rec8 25. Rab1 g6 26. Rb6 Qd4 27. Rfb1 Re8 28. h3 Re1+ 29. Rxe1 Qxb6 30. Qa1 Nb4 31. Qe5 Rd8 32. c5 Qa5 33. Ra1 Qb5 34. Rd1 Rxd5 35. Rxd5 Nxd5 36. Qxd5 Qc6 37. Qd8+ Kg7 38. Qd4+ f6 39. Qb4 Kf7 40. Qc4+ Ke7 41. Qb4 h5 42. h4 Kd7 43. Qd4+ Ke7 44. Qb4 Ke6 45. g3 Kd5 46. Qb3+ Kxc5 47. Qc3+ Kb6 48. Qd4+ Kb5 49. Qb2+ Kc4 50. Qc2+ Kd5 51. Qxg6 b5 52. Qxh5+ Kc4 53. Qe2+ Kb3 54. h5 b4 55. h6 Qc1+ 56. Kg2 Qxh6 57. Qxa6 Qg5 58. Qd3+ Kb2 59. Qd4+ Ka3 60. Qa7+ Kb3 61. Qf7+ Kb2 62. f4 Qf5 63. Qc4 b3 64. Qd4+ Ka2 65. Qa4+ Kb2 66. Qd4+ Kb1 67. Qd1+ Ka2 68. Qd7 Qxd7 0-1


[Site "https://www.chess.com"]

[Event "Titled Tuesday Blitz January 03 Late 2023"]
[White "Morefield, Jason"]
[Black "Kamsky, Gata"]
[WhiteFideId "30920825"]
[BlackFideId "2000024"]
[WhiteElo "2167"]
[BlackElo "2665"]
[Result "0-1"]
[Round "11"]
[TimeControl "180+2"]
[Date "2023.01.03"]
[WhiteClock "0:00:42"]
[BlackClock "0:01:00"]

1. Nf3 Nf6 2. d4 g6 3. c4 Bg7 4. Nc3 d6 5. e4 O-O 6. Be2 e5 7. Be3 c6 8. d5 c5 9. O-O Ng4 10. Bg5 f6 11. Bd2 Na6 12. Ne1 h5 13. Nd3 f5 14. a3 f4 15. b4 b6 16. bxc5 Nxc5 17. Nxc5 bxc5 18. Rb1 Qh4 19. h3 Nf6 20. Be1 Qg5 21. Kh1 Bd7 22. Rb7 Bc8 23. Rb2 Ne8 24. Rg1 Rf7 25. Bf1 Qd8 26. Qb1 g5 27. Rb8 Rxb8 28. Qxb8 Rb7 29. Qa8 Nc7 0-1


[Site "https://www.chess.com"]

[Event "Titled Tuesday Blitz January 03 Late 2023"]
[White "Yaran, Siar"]
[Black "Ibarra Jerez, Jose Carlos"]
[WhiteFideId "6323006"]
[BlackFideId "2226332"]
[WhiteElo "2288"]
[BlackElo "2563"]
[Result "0-1"]
[Round "11"]
[TimeControl "180+2"]
[Date "2023.01.03"]
[WhiteClock "0:00:03"]
[BlackClock "0:00:23"]

1. d4 Nf6 2. c4 d6 3. Nc3 e5 4. dxe5 dxe5 5. Qxd8+ Kxd8 6. Nf3 Nfd7 7. g4 c6 8. Bd2 f6 9. e3 Kc7 10. h4 Nc5 11. Rg1 a5 12. Rd1 Nba6 13. e4 Nb4 14. Be3 Nc2+ 15. Kd2 Nxe3 16. fxe3 h5 17. g5 Bg4 18. Be2 Ne6 19. gxf6 gxf6 20. Nh2 Rd8+ 21. Ke1 Bc5 22. Rg3 f5 23. exf5 Rxd1+ 24. Bxd1 Bxf5 25. Nf1 Bd3 26. Be2 Bf5 27. Rg1 Be7 28. Rh1 Nc5 29. Ng3 Bg6 30. Bf3 Nd3+ 31. Ke2 Nxb2 32. Be4 Bf7 33. c5 Bxc5 34. Kf3 Rf8 35. Bf5 Nc4 36. Kg2 Nxe3+ 0-1


[Site "https://www.chess.com"]

[Event "Titled Tuesday Blitz January 03 Late 2023"]
[White "Garcia Ramos, Daniel"]
[Black "Baskakov, Egor"]
[WhiteFideId "32010311"]
[BlackFideId "24197866"]
[WhiteElo "2442"]
[BlackElo "2215"]
[Result "0-1"]
[Round "11"]
[TimeControl "180+2"]
[Date "2023.01.03"]
[WhiteClock "0:00:02"]
[BlackClock "0:00:07"]

1. b3 Nf6 2. Bb2 e6 3. Nf3 Be7 4. g3 O-O 5. Bg2 d5 6. O-O c5 7. e3 Nc6 8. d3 b6 9. Nbd2 Bb7 10. a4 Qd7 11. h3 Rfd8 12. Qe2 Rac8 13. Rfd1 d4 14. e4 e5 15. Nc4 Qc7 16. Rf1 Ne8 17. Nh2 Nd6 18. f4 Nxc4 19. bxc4 Bd6 20. f5 f6 21. g4 Ra8 22. h4 a6 23. g5 Kh8 24. Qh5 Ne7 25. Ng4 Ng8 26. g6 h6 27. Bc1 Bf8 28. Bd2 Bc6 29. Rfb1 Rdb8 30. Bf3 Qd7 31. Rb2 Bxa4 32. Rba2 b5 33. Nf2 Rb7 34. Kg2 Rab8 35. Kg3 Qd8 36. Nd1 Bd6 37. Kg2 Bc7 38. Nf2 Ba5 39. cxb5 axb5 40. Bc1 Bc3 41. Rb1 Ba5 42. Ng4 Qf8 43. Ba3 Bb4 44. Bxb4 cxb4 45. Bd1 Rc8 46. Nf2 Rbc7 47. Qe2 Rc3 48. Rab2 Qc5 49. Rxb4 Ra3 50. R4b2 Qc3 51. Nh3 Ra1 52. Ng1 Rxb1 53. Rxb1 Qa3 54. Nf3 Qa2 55. Rc1 Rc5 56. Ne1 Qa3 57. Qd2 Rc3 58. Kf2 Qc5 59. Rb1 Ne7 60. Ke2 Nc6 61. Kf2 Nb4 62. Qc1 Nxc2 63. Bxc2 Bxc2 64. Qd2 Bxb1 0-1


[Site "https://www.chess.com"]

[Event "Titled Tuesday Blitz January 03 Late 2023"]
[White "Kobalia, Mikhail"]
[Black "Przybylski, Wojciech"]
[WhiteFideId "4119150"]
[BlackFideId "1117599"]
[WhiteElo "2578"]
[BlackElo "2321"]
[Result "1/2-1/2"]
[Round "11"]
[TimeControl "180+2"]
[Date "2023.01.03"]
[WhiteClock "0:00:12"]
[BlackClock "0:00:08"]

1. e4 e5 2. Nf3 Nc6 3. Bb5 Nf6 4. d3 d6 5. O-O Be7 6. Re1 O-O 7. Bxc6 bxc6 8. d4 exd4 9. Nxd4 Bd7 10. Nc3 Re8 11. Bf4 c5 12. Nde2 Ng4 13. Nd5 Bf8 14. h3 Ne5 15. b3 Ng6 16. Qd3 Nxf4 17. Nexf4 c6 18. Ne3 Qf6 19. Ne2 Qg6 20. Ng3 Qf6 21. Rad1 Rad8 22. Nc4 d5 23. exd5 cxd5 24. Rxe8 Bxe8 25. Ne3 d4 26. Nc4 Bc6 27. Re1 g6 28. Ne4 Qf4 29. f3 Bg7 30. Nxc5 h5 31. Qd2 Qh4 32. Qf2 Qg5 33. Ne4 Qf4 34. Qd2 Qxd2 35. Ncxd2 d3 36. cxd3 Rxd3 37. Nc4 Bd4+ 38. Kh2 Kg7 39. Re2 f5 40. Ng5 Bf6 41. Ne6+ Kf7 42. Nf4 Rd4 43. Ne6 Rd1 44. f4 Bb5 45. Ng5+ Bxg5 46. fxg5 Bxc4 47. bxc4 Rc1 48. Re5 Rxc4 49. Ra5 Rc7 50. Ra6 Re7 51. Kg3 Kg7 52. Kf4 Re4+ 53. Kf3 Re7 54. g3 Rd7 55. Rc6 Re7 56. Ra6 Kf7 57. Kf4 Kg7 58. Kf3 1/2-1/2


[Site "https://www.chess.com"]

[Event "Titled Tuesday Blitz January 03 Late 2023"]
[White "Sai Krishna G V"]
[Black "Zhigalko, Sergei"]
[WhiteFideId "5028280"]
[BlackFideId "13502956"]
[WhiteElo "2384"]
[BlackElo "2572"]
[Result "1/2-1/2"]
[Round "11"]
[TimeControl "180+2"]
[Date "2023.01.03"]
[WhiteClock "0:00:15"]
[BlackClock "0:00:05"]

1. e4 c5 2. Nf3 Nc6 3. Nc3 Nf6 4. Bb5 Qc7 5. O-O Nd4 6. Nxd4 cxd4 7. Nd5 Nxd5 8. exd5 Qc5 9. Qe2 Qxd5 10. Bc4 Qf5 11. Bd3 Qf6 12. b3 e6 13. Bb2 Bc5 14. Rae1 d6 15. f4 O-O 16. Qh5 g6 17. Qh6 Bd7 18. Rf3 a5 19. a4 Rac8 20. g4 Bc6 21. Rh3 Qg7 22. Qh4 Bd5 23. Kf2 f5 24. gxf5 exf5 25. Qg5 Rce8 26. Rg1 Re6 27. Rhg3 Rfe8 28. Qxf5 Be4 29. Qg4 Qf6 30. f5 Bxf5 31. Bxf5 Re2+ 32. Qxe2 Rxe2+ 33. Kxe2 d3+ 34. Bxd3 Qxb2 35. Rf1 Qe5+ 36. Kd1 Qa1+ 37. Ke2 Qe5+ 38. Kd1 Qb2 39. Bc4+ Kg7 40. Rf7+ Kh6 41. Rh3+ Kg5 42. Rg3+ Kh6 43. Rh3+ Kg5 44. Rg3+ Kh6 1/2-1/2


[Site "https://www.chess.com"]

[Event "Titled Tuesday Blitz January 03 Late 2023"]
[White "Chen, Justin"]
[Black "Pichot, Alan"]
[WhiteFideId "2098199"]
[BlackFideId "110973"]
[WhiteElo "2333"]
[BlackElo "2638"]
[Result "0-1"]
[Round "11"]
[TimeControl "180+2"]
[Date "2023.01.03"]
[WhiteClock "0:00:01"]
[BlackClock "0:00:05"]

1. c4 c5 2. Nc3 Nc6 3. g3 g6 4. Bg2 Bg7 5. Rb1 Nf6 6. a3 O-O 7. b4 d6 8. Nf3 Rb8 9. O-O b6 10. d3 Bb7 11. Qb3 Nd4 12. Nxd4 cxd4 13. Nd5 Nxd5 14. cxd5 Rc8 15. Bb2 Qd7 16. Rfc1 b5 17. Rc2 Rxc2 18. Qxc2 Rc8 19. Qd2 Qf5 20. Be4 Qh5 21. Bf3 Qe5 22. Rc1 Rxc1+ 23. Qxc1 Bxd5 24. Qc8+ Bf8 25. Bc1 g5 26. Bxd5 Qxd5 27. Qg4 h6 28. h4 Qc6 29. Bb2 e5 30. hxg5 Qc2 31. gxh6+ Kh8 32. Qf5 Qxb2 33. Qf6+ Kg8 34. h7+ Kxh7 35. Qxf7+ Bg7 36. Qh5+ Bh6 37. Qf7+ Kh8 38. Qf6+ Bg7 39. Qh4+ Kg8 40. Qd8+ Kf7 41. Qd7+ Kg6 42. Qe6+ Bf6 43. Qg8+ Kf5 44. Qh7+ Ke6 45. Qg8+ Kd7 46. Qg4+ Kc7 47. Qe6 Qc1+ 48. Kg2 Qg5 49. Qd5 Qf5 50. Qxb5 Qd7 51. Qa5+ Kc8 0-1


[Site "https://www.chess.com"]

[Event "Titled Tuesday Blitz January 03 Late 2023"]
[White "Goltsev, Dmitry"]
[Black "Indjic, Aleksandar"]
[WhiteFideId "24176710"]
[BlackFideId "911925"]
[WhiteElo "2269"]
[BlackElo "2618"]
[Result "0-1"]
[Round "11"]
[TimeControl "180+2"]
[Date "2023.01.03"]
[WhiteClock "0:00:10"]
[BlackClock "0:00:11"]

1. e4 c5 2. Nf3 d6 3. d4 cxd4 4. Nxd4 Nf6 5. Nc3 a6 6. Be3 e6 7. Be2 h5 8. h3 Qc7 9. Qd2 b5 10. a3 Nbd7 11. Rd1 Bb7 12. f3 d5 13. exd5 Nxd5 14. Nxd5 Bxd5 15. Bf4 Qb6 16. Be3 Qb7 17. O-O Bc5 18. Rfe1 O-O 19. Bd3 Rac8 20. c3 Rfe8 21. Bc2 Nf8 22. Qd3 Bc4 23. Qe4 Qxe4 24. Bxe4 Rc7 25. Nc6 Bxe3+ 26. Rxe3 f5 27. Bxf5 Rxc6 28. Be4 Rc7 29. Bc2 e5 30. f4 Rce7 31. Rde1 Nd7 32. a4 Kf8 33. axb5 axb5 34. b3 Bf7 35. fxe5 Rxe5 36. Rxe5 Nxe5 37. Re4 Kg8 38. Rb4 Rb8 39. c4 Be8 40. Be4 Kf8 41. Kh2 Ke7 42. Kg3 Kd6 43. cxb5 Rxb5 44. Rxb5 Bxb5 45. Kh4 Be2 46. Kg5 Ke7 47. Bf5 Kf7 48. g4 hxg4 49. hxg4 g6 50. Be4 Kg7 51. b4 Nf7+ 52. Kf4 g5+ 53. Kg3 Ne5 54. Bf5 Kf6 55. Bc8 Ke7 56. Bf5 Kd6 57. Kf2 Bxg4 58. Be4 Be6 59. Ke3 Nc6 60. b5 Ne5 61. Bg2 Nd7 62. Kd4 Nb6 63. Bf1 Nd5 64. Ke4 Nf6+ 65. Kd4 Bd5 66. b6 Bb7 67. Bb5 g4 68. Ke3 Ke5 69. Be2 Nd5+ 70. Kf2 Kf4 71. Bxg4 Kxg4 72. Ke2 Nxb6 73. Kd3 Nd7 74. Kd4 Kf5 75. Kc4 Ke4 76. Kb5 Kd4 77. Kb4 Bd5 78. Kb5 Kc3 79. Ka4 Bc4 80. Ka3 Nf6 81. Ka4 Nd5 82. Ka3 Nc7 83. Ka4 Nb5 84. Ka5 Nd6 85. Kb6 Kd4 86. Kc6 Nf5 87. Kd7 Kd5 88. Ke8 Ke6 89. Kf8 Bd5 90. Kg8 Kf6+ 91. Kh8 Bf7 92. Kh7 Ne7 93. Kh8 Be8 94. Kh7 Bg6+ 95. Kh8 Bf7 96. Kh7 Ng6 97. Kh6 Bg8 98. Kh5 Ne5 99. Kh6 Ng4+ 100. Kh5 Kf5 101. Kh4 Kf4 102. Kh5 Bf7+ 103. Kh4 Ne3 104. Kh3 Bh5 105. Kh4 Bf3 106. Kh3 Nf5 107. Kh2 Ke3 108. Kh3 Kf2 109. Kh2 Bg4 110. Kh1 Bh3 111. Kh2 Bf1 112. Kh1 Nd4 113. Kh2 Nf3+ 114. Kh1 Bg2# 0-1


[Site "https://www.chess.com"]

[Event "Titled Tuesday Blitz January 03 Late 2023"]
[White "Sanal, Vahap"]
[Black "Tregubov, Pavel V."]
[WhiteFideId "6300545"]
[BlackFideId "4115341"]
[WhiteElo "2600"]
[BlackElo "2553"]
[Result "1-0"]
[Round "11"]
[TimeControl "180+2"]
[Date "2023.01.03"]
[WhiteClock "0:01:10"]
[BlackClock "0:00:11"]

1. d4 Nf6 2. g3 d5 3. Bg2 Bf5 4. c4 c6 5. Nc3 e6 6. Qb3 Qb6 7. c5 Qxb3 8. axb3 Be7 9. b4 O-O 10. b5 cxb5 11. Nxb5 Nc6 12. Nf3 b6 13. Bf4 bxc5 14. dxc5 Bxc5 15. O-O Bb6 16. Rfc1 Nb4 17. Nfd4 Be4 18. Bd6 a5 19. Bxf8 Kxf8 20. e3 Bxg2 21. Kxg2 Ne4 22. Ra3 e5 23. Nc6 Rc8 24. Nxb4 Rxc1 25. Nxd5 Rc5 26. Nxb6 Rxb5 27. Nc4 Rb4 28. b3 Nc5 29. Rxa5 Nxb3 30. Ra8+ Ke7 31. Nxe5 Rb7 32. Rc8 Nd2 33. Nc6+ Kd7 34. Rd8+ Kxc6 35. Rxd2 Rb5 36. g4 h5 37. h3 hxg4 38. hxg4 Rg5 39. Kf3 f5 40. gxf5 Rxf5+ 41. Kg4 Ra5 42. f4 Rb5 43. e4 Rb1 44. e5 Rg1+ 45. Kf5 Kc7 46. e6 Kc6 47. Re2 1-0


[Site "https://www.chess.com"]

[Event "Titled Tuesday Blitz January 03 Late 2023"]
[White "Boros, Denes"]
[Black "Baskin, Robert"]
[WhiteFideId "722340"]
[BlackFideId "24662402"]
[WhiteElo "2406"]
[BlackElo "2442"]
[Result "0-1"]
[Round "11"]
[TimeControl "180+2"]
[Date "2023.01.03"]
[WhiteClock "0:00:01"]
[BlackClock "0:00:02"]

1. d4 d6 2. Nc3 Nf6 3. Nf3 Nc6 4. h3 g6 5. d5 Nb8 6. e4 Bg7 7. Bc4 O-O 8. a4 c6 9. O-O a5 10. Re1 Qc7 11. Bg5 Na6 12. Nd4 Nc5 13. Bf1 Bd7 14. Qd2 Rfe8 15. Bh6 Bh8 16. Qf4 Qb6 17. Qd2 Rac8 18. dxc6 bxc6 19. Bc4 Qb4 20. Bb3 Nxb3 21. cxb3 c5 22. Ndb5 Qxb3 23. Re3 Qb4 24. Qe2 c4 25. Rd1 Bc6 26. e5 dxe5 27. Rxe5 Nd7 28. Rxd7 Bxd7 29. Nd5 Qc5 30. Nxe7+ Rxe7 31. Rxe7 Bxb5 32. axb5 Qxb5 33. Qf3 Qf5 34. Qc6 Rf8 35. Re8 Bg7 36. Rxf8+ Bxf8 37. Qe8 Qc5 38. h4 a4 39. Bxf8 Qxf8 40. Qxa4 Qc8 41. Qc2 h5 42. Qc3 Qe6 43. Qd4 Qe1+ 44. Kh2 Qe6 45. Kg3 Kh7 46. f3 Qe1+ 47. Kh2 Qe6 48. Kg1 Qe1+ 49. Kh2 Qe6 50. Qf4 Kg8 51. Qd2 Qe5+ 52. f4 Qe6 53. Qd4 Qg4 54. Qf6 Qd7 0-1


[Site "https://www.chess.com"]

[Event "Titled Tuesday Blitz January 03 Late 2023"]
[White "Rosen, Eric"]
[Black "Rustemov, Alexander"]
[WhiteFideId "2032562"]
[BlackFideId "4119002"]
[WhiteElo "2349"]
[BlackElo "2525"]
[Result "0-1"]
[Round "11"]
[TimeControl "180+2"]
[Date "2023.01.03"]
[WhiteClock "0:00:01"]
[BlackClock "0:00:55"]

1. d4 d5 2. Bf4 Nf6 3. e3 c5 4. Nf3 cxd4 5. exd4 Bg4 6. Nbd2 e6 7. c3 Bd6 8. Bxd6 Qxd6 9. Be2 O-O 10. O-O Nc6 11. h3 Bxf3 12. Nxf3 Rab8 13. a4 Rfc8 14. a5 g6 15. Re1 Kg7 16. Qa4 Qc7 17. Nd2 Ne8 18. Nb3 b6 19. a6 Nd6 20. Qa3 Ne7 21. Nc1 h5 22. Nd3 Nef5 23. Qb4 h4 24. Ne5 b5 25. Nd3 Rb6 26. Nc5 Ne4 27. Nxe4 dxe4 28. Rad1 Nd6 29. d5 e5 30. Ra1 Qc5 31. Qb3 f5 32. Red1 e3 33. Qb4 exf2+ 34. Kf1 Qxb4 35. cxb4 Ne4 36. Bf3 Ng3+ 37. Kxf2 Rc2+ 38. Kg1 e4 39. d6 Rb8 40. d7 Rd8 41. Rd5 exf3 42. gxf3 Ne2+ 43. Kh1 Kf6 44. Rad1 Rxb2 45. Rxb5 Ra2 46. Rc5 Rxa6 47. Rc8 Ke7 48. Re1 Re6 49. Rc7 Rxd7 50. Rc8 Ng3+ 51. Kg2 Rd2+ 0-1


[Site "https://www.chess.com"]

[Event "Titled Tuesday Blitz January 03 Late 2023"]
[White "Klose, Eli"]
[Black "Tanenbaum, Zachary"]
[WhiteFideId "16242955"]
[BlackFideId "2060850"]
[WhiteElo "1519"]
[BlackElo "2261"]
[Result "1/2-1/2"]
[Round "11"]
[TimeControl "180+2"]
[Date "2023.01.03"]
[WhiteClock "0:00:08"]
[BlackClock "0:00:05"]

1. e4 e5 2. Nf3 Nc6 3. d4 exd4 4. Bc4 Nf6 5. O-O Nxe4 6. Re1 d5 7. Bxd5 Qxd5 8. Nc3 Qa5 9. Nxe4 Be6 10. Neg5 O-O-O 11. Nxe6 fxe6 12. Rxe6 Qh5 13. Qe2 Bd6 14. h3 Rde8 15. Bd2 h6 16. Re1 Rxe6 17. Qxe6+ Kd8 18. a3 Re8 19. Qg4 Rxe1+ 20. Bxe1 Qxg4 21. hxg4 Ke7 22. Kf1 Ke6 23. Ke2 Kd5 24. Bd2 Ne7 25. Nh4 c5 26. g5 hxg5 27. Bxg5 Nc6 28. Nf5 Bf8 29. b3 b5 30. Nh4 c4 31. bxc4+ bxc4 32. a4 Kc5 33. Ng6 Bd6 34. Bf4 Bxf4 35. Nxf4 Kb4 36. Ne6 g6 37. Nf4 Ne5 38. Ne6 Kc3 39. Kd1 d3 40. cxd3 Nxd3 41. f4 Nb2+ 42. Ke2 Nxa4 43. g4 Nb6 44. f5 gxf5 45. g5 Nd5 46. g6 Nf6 47. Nc5 a5 48. g7 Kb2 49. Ke3 c3 50. Na4+ Kb3 51. Nc5+ Kc4 52. Nd3 a4 53. Nc1 a3 54. Kf4 Kb4 55. Kxf5 Ng8 56. Kg6 c2 57. Kf7 Nh6+ 58. Kg6 Ng8 59. Kf7 Nh6+ 60. Kg6 Ng8 1/2-1/2


[Site "https://www.chess.com"]

[Event "Titled Tuesday Blitz January 03 Late 2023"]
[White "Salimova, Nurgyul"]
[Black "Martins, Bruno Andre Leite"]
[WhiteFideId "2915138"]
[BlackFideId "1942255"]
[WhiteElo "2391"]
[BlackElo "2348"]
[Result "1-0"]
[Round "11"]
[TimeControl "180+2"]
[Date "2023.01.03"]
[WhiteClock "0:01:20"]
[BlackClock "0:00:53"]

1. e4 e6 2. d4 d5 3. Nc3 Nf6 4. e5 Nfd7 5. f4 c5 6. Nf3 Nc6 7. Be3 a6 8. a3 Be7 9. Qd2 O-O 10. Be2 b5 11. O-O Qb6 12. Nd1 cxd4 13. Nxd4 Nxd4 14. Bxd4 Bc5 15. c3 Bxd4+ 16. cxd4 f5 17. Ne3 Nb8 18. Rac1 Nc6 19. Rc5 Bd7 20. Rfc1 Rac8 21. b4 Kh8 22. Kf2 Rg8 23. h4 g6 24. Nf1 h5 25. Nh2 Kg7 26. Nf3 Kf7 27. Ke3 Ke7 28. R1c3 Rc7 29. Qc1 Rgc8 30. Qe1 Nd8 31. Qg3 Be8 32. Qg5+ Kd7 33. Qf6 Rxc5 34. dxc5 d4+ 35. Nxd4 Qb8 36. c6+ Kc7 37. Qe7+ Kb6 38. Qc5+ Kc7 39. Qd6+ Kb6 40. c7+ 1-0


[Site "https://www.chess.com"]

[Event "Titled Tuesday Blitz January 03 Late 2023"]
[White "Kosteniuk, Alexandra"]
[Black "Fiorito, Joaquin"]
[WhiteFideId "4128125"]
[BlackFideId "180173"]
[WhiteElo "2535"]
[BlackElo "2405"]
[Result "1/2-1/2"]
[Round "11"]
[TimeControl "180+2"]
[Date "2023.01.03"]
[WhiteClock "0:00:15"]
[BlackClock "0:00:20"]

1. e4 c6 2. Nc3 d5 3. Nf3 Bg4 4. h3 Bxf3 5. Qxf3 Nf6 6. e5 Nfd7 7. d4 e6 8. Qg3 Qb6 9. Ne2 c5 10. Nf4 Nc6 11. dxc5 Qxc5 12. Nd3 Qxc2 13. Bd2 Qc4 14. Be2 Nd4 15. Bd1 Nf5 16. Qf3 Nh4 17. Qg3 Nxg2+ 18. Kf1 Nh4 19. Be2 Nf5 20. Qg4 Qxg4 21. hxg4 Nd4 22. Bd1 Rc8 23. Be3 Nc6 24. f4 Be7 25. g5 Nb4 26. Nxb4 Bxb4 27. Ba4 b6 28. Ke2 Ke7 29. Rac1 Nc5 30. Bc2 Ne4 31. Bxe4 dxe4 32. a3 Bc5 33. Bxc5+ bxc5 34. Ke3 h6 35. gxh6 gxh6 36. Kxe4 h5 37. Rc3 h4 38. Rh2 f5+ 39. exf6+ Kxf6 40. Rch3 Rb8 41. Rxh4 Rxh4 42. Rxh4 Rxb2 43. Rh7 a5 44. Ra7 Rb5 45. Ra6 c4 46. Kd4 Rf5 47. Kxc4 Rxf4+ 48. Kb5 Rf5+ 49. Kc4 Rd5 50. a4 Rh5 51. Ra8 Rd5 52. Ra7 Ke5 53. Ra8 Rd4+ 54. Kb5 Rd5+ 55. Kb6 Kd4 56. Rxa5 Rxa5 57. Kxa5 e5 58. Kb6 e4 59. a5 e3 60. a6 e2 61. a7 e1=Q 62. a8=Q Qe6+ 63. Kb7 Qd7+ 64. Kb8 Qd8+ 65. Kb7 Qd7+ 66. Kb8 Kc5 67. Qb7 Qd8+ 68. Qc8+ Qxc8+ 69. Kxc8 1/2-1/2


[Site "https://www.chess.com"]

[Event "Titled Tuesday Blitz January 03 Late 2023"]
[White "Pranav, V"]
[Black "Yurovskykh, Oleksandr"]
[WhiteFideId "25060783"]
[BlackFideId "14134020"]
[WhiteElo "2597"]
[BlackElo "2328"]
[Result "1-0"]
[Round "11"]
[TimeControl "180+2"]
[Date "2023.01.03"]
[WhiteClock "0:01:33"]
[BlackClock "0:00:05"]

1. d4 d5 2. Bf4 c5 3. e3 Nc6 4. Nf3 Bg4 5. Nbd2 e6 6. c3 cxd4 7. exd4 Bd6 8. Bxd6 Qxd6 9. Qb3 Rb8 10. Bb5 Bxf3 11. Nxf3 Ne7 12. O-O O-O 13. Rfe1 a6 14. Bd3 b5 15. a3 Rfc8 16. Qd1 h6 17. Bc2 a5 18. g3 b4 19. axb4 axb4 20. Qd3 g6 21. Qe3 Kg7 22. Ra6 bxc3 23. bxc3 Ra8 24. Rxa8 Rxa8 25. h4 Ra2 26. Bb1 Rb2 27. Nh2 h5 28. g4 hxg4 29. Nxg4 Ng8 30. Kg2 Qb8 31. Bd3 Rb3 32. Rh1 Rxc3 33. h5 Nb4 34. h6+ Kh7 35. Bxg6+ fxg6 36. Qxc3 Qf4 37. Qf3 Qxf3+ 38. Kxf3 Nc2 39. Kf4 Nxd4 40. Ke5 Nf5 41. Kxe6 Ngxh6 42. Nxh6 Nxh6 43. Kf6 1-0


[Site "https://www.chess.com"]

[Event "Titled Tuesday Blitz January 03 Late 2023"]
[White "Denishev, Marat"]
[Black "Lazavik, Denis"]
[WhiteFideId "24131563"]
[BlackFideId "13515110"]
[WhiteElo "2255"]
[BlackElo "2544"]
[Result "0-1"]
[Round "11"]
[TimeControl "180+2"]
[Date "2023.01.03"]
[WhiteClock "0:00:01"]
[BlackClock "0:00:07"]

1. d4 d5 2. c4 c6 3. Nf3 Nf6 4. Nc3 dxc4 5. e4 b5 6. e5 Nd5 7. a4 e6 8. axb5 Nxc3 9. bxc3 cxb5 10. Ng5 Bb7 11. Qg4 Qd7 12. Be2 Nc6 13. O-O Ne7 14. Ba3 Nd5 15. Bxf8 Kxf8 16. Ne4 h5 17. Qg3 h4 18. Qg4 Qe7 19. Bf3 Bc6 20. Ra6 Bb7 21. Rd6 Rd8 22. Nc5 Bc8 23. Ra1 Rxd6 24. exd6 Qxd6 25. Rxa7 Ne7 26. Ra8 g6 27. Ne4 Qd5 28. Nc5 Qf5 29. h3 Kg7 30. Rb8 Qxg4 31. hxg4 h3 32. gxh3 Rxh3 33. Kg2 Rh8 34. Rxb5 g5 35. Rb8 Ng6 36. Kg3 Nf4 37. Bg2 Ne2+ 38. Kf3 Nxc3 39. Ke3 Nd1+ 40. Ke2 e5 41. Rxc8 Nc3+ 42. Kd2 Nb1+ 43. Kc2 Rxc8 44. Kxb1 exd4 45. Ne4 f6 46. Nd6 Rb8+ 47. Kc2 d3+ 48. Kc3 Rb3+ 49. Kxc4 d2 50. Nf5+ Kf8 51. Bf3 Rxf3 0-1


[Site "https://www.chess.com"]

[Event "Titled Tuesday Blitz January 03 Late 2023"]
[White "Borges Feria, Yasel"]
[Black "Rodriguez Fontecha, Marcos"]
[WhiteFideId "3504921"]
[BlackFideId "2256576"]
[WhiteElo "2439"]
[BlackElo "2309"]
[Result "1-0"]
[Round "11"]
[TimeControl "180+2"]
[Date "2023.01.03"]
[WhiteClock "0:00:23"]
[BlackClock "0:00:05"]

1. e4 e6 2. d3 d5 3. Qe2 Be7 4. Nf3 Nf6 5. g3 Nc6 6. c3 dxe4 7. dxe4 e5 8. Bg2 a5 9. O-O O-O 10. Rd1 Qe8 11. Qc2 b6 12. h3 Ba6 13. Be3 Rd8 14. Ne1 Rxd1 15. Qxd1 Qc8 16. Nd2 Rd8 17. Qc2 Qe6 18. Ndf3 h6 19. Nh4 Bf8 20. b3 Nd7 21. Rd1 Nc5 22. Rxd8 Nxd8 23. Nf5 Qd7 24. h4 Nde6 25. Qd2 Qxd2 26. Bxd2 a4 27. b4 Nd3 28. Nxd3 Bxd3 29. a3 c5 30. f3 f6 31. Bh3 Nc7 32. Ne3 Nb5 33. Bd7 Nxa3 34. Bxa4 Kf7 35. Kf2 cxb4 36. cxb4 Nb1 37. Be1 Ke6 38. Nd5 b5 39. Nc7+ Kd7 40. Bxb5+ Bxb5 41. Nxb5 Kc6 42. Nc3 Na3 43. Nd5 Nc2 44. h5 Kb5 45. Nc7+ Kc4 46. Ne6 Nxe1 47. Kxe1 Bxb4+ 48. Ke2 f5 49. exf5 Kd5 50. Kd3 Be7 51. g4 Bf6 52. Nc7+ Kd6 53. Nb5+ Kd5 54. Nc3+ Kc6 55. Ke4 Kc5 56. Nd5 Kd6 57. Ne3 Ke7 58. Nc4 Kf7 59. Nxe5+ Ke7 60. f4 Bh4 61. Ng6+ 1-0


[Site "https://www.chess.com"]

[Event "Titled Tuesday Blitz January 03 Late 2023"]
[White "Nasuta, Grzegorz"]
[Black "Poliakova, Varvara"]
[WhiteFideId "1141686"]
[BlackFideId "13518313"]
[WhiteElo "2552"]
[BlackElo "2010"]
[Result "1-0"]
[Round "11"]
[TimeControl "180+2"]
[Date "2023.01.03"]
[WhiteClock "0:00:46"]
[BlackClock "0:01:50"]

1. e4 e5 2. Nf3 Nc6 3. Bc4 Bc5 4. O-O Nf6 5. d3 h6 6. Re1 a6 7. c3 Ba7 8. Bb3 d6 9. Nbd2 g5 10. Nf1 g4 11. N3d2 h5 12. Nc4 Be6 13. Be3 Qd7 14. Bxa7 Rxa7 15. d4 Bxc4 16. Bxc4 h4 17. b4 h3 18. g3 Rh6 19. a4 Kf8 20. b5 axb5 21. axb5 Rxa1 22. bxc6 Qxc6 23. Qxa1 Qxc4 24. Qc1 Kg7 25. Ne3 Qe6 26. Nf5+ Qxf5 27. exf5 e4 28. Qg5+ Kh7 29. Ra1 Ne8 30. Qxg4 d5 31. Ra8 Ng7 32. f6 Rxf6 33. Qxh3+ Rh6 34. Rh8+ 1-0


[Site "https://www.chess.com"]